 Dungeon Crawl Stone Soup version 0.17.2 (webtiles) character file.

4788 Shtopit the Blocker (level 10, -4/61 HPs)
             Began as a Gargoyle Berserker on May 9, 2016.
             Was an Elder of Trog.
             Slain by Urug
             ... wielding a +0 long sword
              (18 damage)
             ... on level 10 of the Dungeon.
             The game lasted 00:22:10 (7760 turns).

Shtopit the Blocker (Gargoyle Berserker)            Turns: 7760, Time: 00:22:10

Health: -4/61      AC: 22    Str: 25    XL:     10   Next: 47%
Magic:  10/10      EV: 10    Int:  7    God:    Trog [****..]
Gold:   607        SH: 15    Dex:  9    Spells: 0 memorised, 9 levels left

rFire  . . .     SeeInvis .     t - +0 flail
rCold  . . .     Clarity  .     i - +0 chain mail
rNeg   + . .     SustAt   .     o - +3 shield
rPois  ∞         Gourm    .     y - +2 helmet
rElec  +         Spirit   .     (no cloak)
rCorr  .         Warding  .     (no gloves)
rMut   .         Stasis   .     f - +0 pair of boots
MR     ++...                    (no amulet)
Stlth  ..........               (no ring)
                                d - +1 ring of evasion

@: exhausted, very slightly contaminated, regenerating, slowed, very slow, very
resistant to hostile enchantments, extremely unstealthy
A: negative energy resistance 1, electricity resistance, unbreathing,
petrification resistance, rot immunity, AC +7
a: Berserk, Trog's Hand, Brothers in Arms, Burn Spellbooks, Renounce Religion


You were on level 10 of the Dungeon.
You worshipped Trog.
Trog was greatly pleased with you.
You were near starving.

You visited 1 branch of the dungeon, and saw 10 of its levels.

You collected 607 gold pieces.

Inventory:

Hand Weapons
 a - a +0 mace
 t - a +0 flail (weapon)
 C - a +0 hunting sling
Missiles
 e - 8 javelins (quivered)
 g - 2 poisoned javelins
 q - 4 poisoned needles
 I - 4 steel javelins
Armour
 f - a +0 pair of boots (worn)
 i - a +0 chain mail (worn)
 o - a +3 shield (worn)
 y - a +2 helmet (worn)
Jewellery
 d - a +1 ring of evasion (left hand)
Wands
 m - a wand of disintegration (9)
 n - a wand of digging (16)
 s - a wand of fire (10)
 E - a wand of magic darts (22)
 J - a wand of digging (9)
 N - a wand of draining (11)
 Q - a wand of lightning (5)
 R - a wand of draining (3)
Scrolls
 b - 3 scrolls of enchant armour
 k - 5 scrolls of identify
 l - 6 scrolls of remove curse
 A - 2 scrolls of teleportation
 F - a scroll of blinking
Potions
 h - a potion of flight
 p - 2 potions of resistance
 r - a potion of curing
 x - 2 potions of lignification
Comestibles
 c - 6 bread rations
 u - 3 chunks of flesh
 w - 4 royal jellies
 G - 3 meat rations
 H - 11 fruits
 M - a slice of pizza


   Skills:
 + Level 6.9 Fighting
 + Level 7.4 Maces & Flails
 + Level 7.2 Armour
 + Level 4.5 Dodging
 + Level 1.3 Stealth
 + Level 9.8 Shields
 + Level 0.3 Evocations


You had 9 spell levels left.
You didn't know any spells.

Dungeon Overview and Level Annotations

Branches:
Dungeon (10/15)            Temple (0/1) D:6
   Lair: D:8-11         Orc: D:9-12

Altars:
Elyvilon
Gozag
Nemelex Xobeh
Okawaru
Qazlal
Ru
Trog
Yredelemnul

Annotations:
D:3 Natasha
D:7 4 runed doors
D:10 Urug


Innate Abilities, Weirdness & Mutations

You are resistant to torment.
Your stone body is resilient (AC +7).
You are immune to poison.
You resist negative energy.
You are resistant to electric shocks.
You can survive without breathing.
You are immune to petrification.
You are immune to rotting.


Message History

Urug throws a poisoned javelin.
You block the poisoned javelin.
Drop what? 35/52 slots (_ for help) (? for menu, Esc to quit)
You drop a book of the Earth.
Urug throws a poisoned javelin.
The poisoned javelin barely misses you.
Urug throws a poisoned javelin.
You block the poisoned javelin.
Urug throws a poisoned javelin.
You block the poisoned javelin.
You see here 2 poisoned javelins.
g - 2 poisoned javelins Urug throws a poisoned javelin.
The poisoned javelin hits you!!
* * * LOW HITPOINT WARNING * * *
Unknown command.
Drink which item? (? for menu, Esc to quit)
Okay, then.
Your skin crawls.
You feel resistant to hostile enchantments.
You feel slightly more hungry.
Your two-headed ogre goes berserk!
You are near starving!
Urug hits you with a long sword!!
You die...

#..............####.# .#
#..##........#......# .##
#..<..###........#####...
#.##.## #####............
#.# #.##...##...^ #.#
#.####..S.... #.# ..#
###.##..
.######.#######.#######.##/.
..........O@o:.....)........
.######.#######.######.###..
#.# #.# ..# # #.##### #.##
##.....##.# #. ##..).(<...#
#. #.........## #.
#.(.>.....# #. #######..##


You could see Urug and a friendly two-headed ogre (berserk).

Vanquished Creatures
  Nergalle (D:10)
  The ghost of nublet the Martial Artist, a novice DsMo of Kikubaaqudgha (D:9)
  2 yaks (D:8)
  A wyvern (D:9)
  A hungry ghost (D:8)
  Menkaure (D:7)
  A water moccasin (D:7)
  3 ice beasts (D:8)
  A black bear (D:6)
  8 ogres
  2 centaurs
  A phantom (D:9)
  4 giant frogs
  A water moccasin skeleton (D:8)
  2 scorpions
  5 crimson imps
  An orc priest (D:8)
  2 centaur zombies
  A wasp zombie (D:8)
  4 giant frog skeletons
  2 orc wizards (D:8)
  7 worker ants
  Jessica (D:3)
  A centaur skeleton (D:8)
  Terence (D:3)
  Natasha (D:3)
  A centaur simulacrum (D:8)
  A hound skeleton (D:5)
  A hound zombie (D:5)
  A worker ant zombie (D:6)
  Robin (D:3)
  6 adders
  3 white imps (D:8)
  3 shadow imps
  4 ufetubi (D:8)
  An adder zombie (D:6)
  An adder simulacrum (D:8)
  2 worms
  4 giant geckos
  5 orcs
  7 bats
  7 giant cockroaches
  13 goblins
  13 hobgoblins
  6 jackals (D:2)
  3 quokkas
  A ball python (D:3)
  A giant gecko zombie (D:8)
  5 giant newts
  7 kobolds
  2 quokka skeletons
  8 rats
163 creatures vanquished.

Vanquished Creatures (collateral kills)
  Psyche (D:9)
1 creature vanquished.

Vanquished Creatures (others)
  A quokka (D:8)
1 creature vanquished.

Grand Total: 165 creatures vanquished

Notes
Turn   | Place    | Note
--------------------------------------------------------------
     0 | D:1      | Shtopit the Gargoyle Berserker began the quest for the Orb.
     0 | D:1      | Reached XP level 1. HP: 14/14 MP: 1/1
   313 | D:1      | Reached XP level 2. HP: 19/19 MP: 2/2
   759 | D:1      | Reached ** piety under Trog
   759 | D:1      | Reached XP level 3. HP: 22/24 MP: 3/3
   882 | D:1      | You fall through a shaft!
   892 | D:2      | Reached skill level 4 in Fighting
  1068 | D:2      | Found a stormy altar of Qazlal.
  1505 | D:2      | Reached XP level 4. HP: 25/29 MP: 4/4
  1678 | D:3      | Found a sacrificial altar of Ru.
  1679 | D:3      | Noticed Jessica
  1691 | D:3      | Killed Jessica
  1867 | D:3      | Reached skill level 1 in Shields
  1898 | D:3      | Noticed Terence
  1905 | D:3      | Killed Terence
  1905 | D:3      | Reached XP level 5. HP: 33/33 MP: 5/5
  1939 | D:3      | Reached *** piety under Trog
  2132 | D:3      | Noticed Robin
  2142 | D:3      | Killed Robin
  2251 | D:3      | Noticed Natasha
  2256 | D:3      | Killed Natasha
  2566 | D:3      | Noticed Natasha
  2817 | D:4      | Noticed an ogre
  2820 | D:4      | Received a gift from Trog
  2824 | D:4      | Killed an ogre
  2824 | D:4      | Reached XP level 6. HP: 39/39 MP: 6/6
  3362 | D:5      | Entered Level 5 of the Dungeon
  3534 | D:5      | Reached XP level 7. HP: 44/44 MP: 7/7
  3655 | D:5      | Found an opulent altar of Gozag.
  4192 | D:6      | Reached skill level 5 in Maces & Flails
  4362 | D:6      | Reached skill level 5 in Shields
  4433 | D:6      | Found a staircase to the Ecumenical Temple.
  4493 | D:6      | Reached XP level 8. HP: 48/48 MP: 8/8
  4528 | D:6      | Reached skill level 5 in Fighting
  4866 | D:6      | Found an iron altar of Okawaru.
  5148 | D:6      | Reached **** piety under Trog
  5158 | D:7      | Noticed Menkaure
  5164 | D:7      | Killed Menkaure
  5164 | D:7      | Reached skill level 5 in Armour
  5164 | D:7      | Reached skill level 6 in Shields
  5320 | D:7      | Found a huge runed gate.
  5320 | D:7      | Found a huge runed gate.
  5321 | D:7      | Noticed a polar bear
  5321 | D:7      | Noticed a griffon
  5323 | D:7      | Noticed a polar bear
  5323 | D:7      | Found a huge runed gate.
  5323 | D:7      | Noticed a polar bear
  5324 | D:7      | Found a huge runed gate.
  5325 | D:7      | Noticed a polar bear
  5325 | D:7      | Noticed a polar bear
  5326 | D:7      | Noticed a polar bear
  5334 | D:7      | Noticed a polar bear
  5442 | D:7      | Found a sacrificial altar of Ru.
  5494 | D:7      | Found a basalt altar of Yredelemnul.
  5525 | D:7      | Found a sparkling altar of Nemelex Xobeh.
  5658 | D:7      | Reached skill level 1 in Stealth
  5943 | D:7      | Reached XP level 9. HP: 55/55 MP: 9/9
  6038 | D:8      | Reached skill level 7 in Shields
  6468 | D:8      | Reached skill level 8 in Shields
  6695 | D:8      | Found a white marble altar of Elyvilon.
  6947 | D:8      | Found a bloodstained altar of Trog.
  7127 | D:9      | Noticed Psyche
  7136 | D:9      | Killed Psyche
  7211 | D:9      | Reached XP level 10. HP: 61/61 MP: 10/10
  7244 | D:9      | Noticed nublet's ghost (novice DsMo)
  7252 | D:9      | Reached skill level 9 in Shields
  7322 | D:9      | Killed nublet's ghost
  7631 | D:10     | Entered Level 10 of the Dungeon
  7679 | D:10     | Noticed Nergalle
  7679 | D:10     | Noticed Urug
  7729 | D:10     | Killed Nergalle
  7752 | D:10     | HP: 3/61 [Urug/long sword (12)]
  7760 | D:10     | Slain by Urug

Action                   |  1- 3 |  4- 6 |  7- 9 | 10-12 || total
-------------------------+-------+-------+-------+-------++-------
Melee: Mace              |   139 |   182 |   306 |       ||   627
       Flail             |       |       |   136 |   158 ||   294
Invok: Berserk           |     3 |     5 |     7 |     1 ||    16
       Burn Spellbooks   |       |       |     1 |       ||     1
       Brothers in Arms  |       |       |     1 |     1 ||     2
       Trog's Hand       |       |       |       |     1 ||     1
Evoke: Wand              |       |       |     2 |     3 ||     5
  Use: Scroll            |       |       |    13 |     1 ||    14
       Potion            |       |       |     8 |     2 ||    10
 Stab: Sleeping          |     1 |       |       |       ||     1
  Eat: Chunk             |     5 |    11 |    28 |     2 ||    46
       Fruit             |       |     1 |     1 |       ||     2
